 Dungeon Crawl Stone Soup version 0.30-a0-23-ge60ba3568b (webtiles) character file.

Game seed: 1488363679658538518

48 xian the Sneak (level 3, -2/16 HPs)
             Began as a Vine Stalker Wanderer on Aug 26, 2022.
             Slain by a hobgoblin (3 damage)
             ... on level 2 of the Dungeon.
             The game lasted 00:04:45 (1444 turns).

xian the Sneak (Vine Stalker Wanderer)              Turns: 1444, Time: 00:04:46

Health: -2/16      AC:  9    Str: 15    XL:     3   Next: 72%
Magic:  0/4        EV: 11    Int: 10    God:
Gold:   165        SH:  0    Dex: 16    Spells: 2/2 levels left

rFire   . . .      SeeInvis +    a - +2 sling
rCold   . . .      Faith    .    (no shield)
rNeg    . . .      Spirit   +    e - +0 leather armour
rPois   .          Reflect  .    l - +1 helmet
rElec   .          Harm     .    (no cloak)
rCorr   .          Rampage  .    (no gloves)
Will    .....                    (no boots)
Stlth   +++.......               (no amulet)
HPRegen 0.05/turn                g - ring of see invisible
MPRegen 0.09/turn                o - +4 ring of protection

@: no status effects
A: fangs 2, magic shield, antimagic bite, no potion heal 2
a: no special abilities


You were on level 2 of the Dungeon.
You visited 1 branch of the dungeon, and saw 2 of its levels.

You collected 165 gold pieces.

Inventory:

Hand Weapons
 a - a +2 sling (weapon)
Armour
 e - a +0 leather armour (worn)
 l - a +1 helmet (worn)
Jewellery
 g - a ring of see invisible (left hand)
 o - a +4 ring of protection (right hand)
 p - a +6 ring of intelligence
Scrolls
 c - a scroll of acquirement {unknown}
 f - 8 scrolls of identify {unknown}
 h - a scroll of vulnerability {unknown}
 i - a scroll of noise {unknown}
 j - 2 scrolls of teleportation {unknown}
 m - a scroll of fog {unknown}
Potions
 b - 2 potions of attraction
 d - a potion of curing
 k - a potion of brilliance {unknown}
 n - a potion of flight {unknown}
 q - a potion of invisibility {unknown}


   Skills:
 + Level 0.3 Fighting
 + Level 5.3 Ranged Weapons
 + Level 0.2 Armour
 + Level 6.3 Stealth


You had 2 spell levels left.
You didn't know any spells.
Your spell library contained the following spells:

 Spells                   Type           Power      Damage    Failure   Level
 Sublimation of Blood     Necr           0%         N/A       56%         2
 Wereblood                Tmut           0%         N/A       56%         2
 Summon Hydra             Summ           0%         N/A       100%        7


Dungeon Overview and Level Annotations

Branches:
Dungeon (2/15)

Altars:

Shops:
D:1 =


Innate Abilities, Weirdness & Mutations

You have extremely sharp teeth.
When hurt, damage is shared between your health and your magic reserves.
Your bite disrupts and absorbs the magic of your enemies.
Potions cannot restore your health.


Message History

The sling bullet barely misses the adder.
The sling bullet hits the hobgoblin.
The hobgoblin is almost dead.
The adder bites you but does no damage. The adder closely misses you.
Fire: a) +2 sling
Press: ? - help, Q - select action Shift-Dir - straight line, f/p - adder
Aim: an adder (almost dead, 44% to hit)
You shoot a sling bullet. The sling bullet hits the adder.
You kill the adder!
The hobgoblin hits you but does no damage.
Fire: a) +2 sling
Press: ? - help, Q - select action Shift-Dir - straight line, f - hobgoblin
Aim: a hobgoblin (almost dead, 62% to hit)
You shoot a sling bullet.
The sling bullet hits the hobgoblin but does no damage.
The hobgoblin is almost dead.
The hobgoblin hits you.
* * * LOW HITPOINT WARNING * * *
Fire: a) +2 sling
Press: ? - help, Q - select action Shift-Dir - straight line, f/p - hobgoblin
Aim: a hobgoblin (almost dead, 62% to hit)
You shoot a sling bullet.
The sling bullet barely misses the hobgoblin.
The sling bullet completely misses the hobgoblin.
The hobgoblin barely misses you.
Fire: a) +2 sling
Press: ? - help, Q - select action Shift-Dir - straight line, f/p - hobgoblin
Aim: a hobgoblin (almost dead, 62% to hit)
You shoot a sling bullet.
The sling bullet closely misses the hobgoblin.
The sling bullet hits the hobgoblin.
You kill the hobgoblin!
The hobgoblin hits you but does no damage.
Fire: a) +2 sling
Press: ? - help, Q - select action Shift-Dir - straight line, f/p - hobgoblin
Aim: a hobgoblin (almost dead, 62% to hit)
You shoot a sling bullet.
The sling bullet barely misses the hobgoblin.
The hobgoblin hits you.
You die...

########### ######
#.......... #....#
#.######### #.##.#
#.# #.##.###.#
#@##.....#
#g######## #
..#####(# ..
........########..#
....####..........#
.# #..........#
#..........#
#.†....†...#
#..........#


You could see a hobgoblin.

Vanquished Creatures
  2 adders (D:2)
  A dart slug (D:1)
  3 endoplasms (D:2)
  A goblin (D:1)
  7 hobgoblins
  2 quokkas (D:2)
  3 ball pythons (D:2)
  A bat (D:2)
  4 frilled lizards
  4 rats (D:1)
28 creatures vanquished.

Notes
Turn   | Place    | Note
-------+----------+-------------------------------------------
     0 | D:1      | xian the Vine Stalker Wanderer began the quest for the Orb.
     0 | D:1      | xian set off with the following items: a +2 sling, a potion
                  | of attraction, a +0 helmet, a potion of curing, a +0
                  | leather armour.
     0 | D:1      | Reached XP level 1. HP: 9/9 MP: 2/2
   341 | D:1      | Reached XP level 2. HP: 13/13 MP: 3/3
   602 | D:1      | Found Egics's Jewellery Shop.
  1194 | D:2      | Reached skill level 5 in Ranged Weapons
  1281 | D:2      | Reached XP level 3. HP: 16/16 MP: 4/4
  1444 | D:2      | Slain by a hobgoblin

Illustrated notes

Levels and vault maps discovered:
D:1:      mrwooster_arrival_statue, layout_basic, serial_shops, shop_coins
D:2:      layout_basic, minmay_heptomino_w4

Skill      XL: |  1  2 |
---------------+-------+-----
Ranged Weapons | 5 |  5.3
Fighting       | |  0.3
Armour         | |  0.2
Stealth        | |  6.3

Action                   || total
-------------------------++-------
 Fire: Sling             ||    72
  Use: Potion            ||     1
Armor: Leather armour    ||    22
Dodge: Dodged            ||    23

Table legend: (Time is in decaauts)
 A = Elapsed time spent in this place.
 B = Non-inter-level travel time spent in this place.
 C = Inter-level travel time spent in this place.
 D = Time resting spent in this place.
 E = Time spent auto-exploring this place.
 F = Levels seen in this place.
 G = Mean time per level.
                   A        B        C        D        E       F      G
               +--------+--------+--------+--------+--------+-----+--------+
         Total |   1455 |   1428 |     27 |      0 |   1175 |   2 |  727.5 |
       Dungeon |   1455 |   1428 |     27 |      0 |   1175 |   2 |  727.5 |
               +--------+--------+--------+--------+--------+-----+--------+

Top non-repeatable levels by time:
     D:1: 1082 daAuts
     D:2: 373 daAuts
